 Dungeon Crawl Stone Soup version 0.28-a0-691-gad6df49e81 (webtiles) character file.

Game seed: 5858481876608437313

68 mordus the Shield-Bearer (level 4, -5/35 HPs)
             Began as a Formicid Fighter on Oct 20, 2021.
             Killed from afar by Sigmund (8 damage)
             ... with a magic dart
             ... on level 2 of the Dungeon.
             The game lasted 00:01:58 (1413 turns).

mordus the Shield-Bearer (Formicid Fighter)         Turns: 1413, Time: 00:01:59

Health: -5/35      AC:  7    Str: 21    XL:     4   Next: 41%
Magic:  4/4        EV:  9    Int:  8    God:
Gold:   64         SH:  4    Dex: 10    Spells: 3/3 levels left

rFire   . . .      SeeInvis +   k - +0 whip (elec)
rCold   . . .      Faith    .   c - +0 buckler
rNeg    . . .      Spirit   .   b - +0 scale mail
rPois   .          Reflect  .   (helmet unavailable)
rElec   .          Harm     .   (no cloak)
rCorr   .          Rampage  .   (no gloves)
Will    .....                   (no boots)
Stlth   ..........              (no amulet)
HPRegen 0.11/turn               (no ring)
MPRegen 0.09/turn               (no ring)

@: no status effects
A: permanent stasis, dig shafts and tunnels, antennae 3, four strong arms
a: Dig, Shaft Self


You were on level 2 of the Dungeon.
You visited 1 branch of the dungeon, and saw 2 of its levels.

You collected 64 gold pieces.

Inventory:

Hand Weapons
 a - a +0 flail
 k - a +0 whip of electrocution (weapon)
Armour
 b - a +0 scale mail (worn)
 c - a +0 buckler (worn)
Scrolls
 h - a scroll of teleportation {unknown}
 i - a scroll of summoning {unknown}
 j - a scroll of enchant armour {unknown}
 l - a scroll of identify {unknown}
Potions
 d - a potion of might
 e - a potion of curing {unknown}
 f - a potion of haste {unknown}
 g - 3 potions of heal wounds {unknown}
 m - a potion of mutation {unknown}


   Skills:
 - Level 3.2 Fighting
 * Level 3.3 Maces & Flails
 + Level 3.9 Armour
 + Level 4.3 Shields


You had 3 spell levels left.
You didn't know any spells.
Your spell library was empty.

Dungeon Overview and Level Annotations

Branches:
Dungeon (2/15)

Altars:

Annotations:
D:2 Sigmund


Innate Abilities, Weirdness & Mutations

You cannot be hasted, slowed, berserked, paralysed or teleported.
You can dig through walls and to a lower floor.
You have a pair of large antennae on your head. (SInv)
Your four strong arms can wield two-handed weapons with a shield.


Message History

There are monsters nearby!
Sigmund closely misses you.
There are monsters nearby!
You closely miss Sigmund.
There are monsters nearby!
You hit Sigmund.
Sigmund is lightly wounded.
Sigmund points at you and mumbles some strange words.
The puff of flame hits you.
There are monsters nearby!
You hit Sigmund.
Sigmund is lightly wounded.
The kobold hits you with a +0 short sword.
Sigmund hits you with a +1 scythe of venom!
You are poisoned.
You hit Sigmund.
Sigmund is moderately wounded.
You feel very sick. The kobold barely misses you. Sigmund closely misses you.
* * * LOW HITPOINT WARNING * * *
You feel very sick.
* * * LOW HITPOINT WARNING * * *
You feel sick.
The kobold throws a stone.
The stone hits you but does no damage.
You feel sick.
You feel sick.
You feel sick.
You feel sick. Sigmund gestures at you while chanting.
You resist with some effort.
The kobold throws a stone.
You block the stone.
You feel sick.
You feel sick.
The kobold throws a stone.
The stone hits you but does no damage.
You feel sick.
You are no longer poisoned.
Sigmund points at you and mumbles some strange words.
You resist with some effort. Sigmund casts a spell at you.
The magic dart hits you!
You die...

..:# .# #.###.##.##....#.# ......#
##.######.......... .#.##.###
#...# #####.##.#.# ........# #...#
#....)...... #.....#.# #...#
#.######.##. ...#..#.# #...# #.#
#)##. ......#.#######...####.#
#.##.
......#.##.........^...######.##.
#..........@....@......##......#.
#.......##.K...........##.###.รท##
......#########...#######.#..#.#
###...# #...# #.#.#..## #.....#
#...# #........ #....## #...#
###..#### #.#..# #...# #..####
.....# ##.## #....## ## ##.
##.#.##


You could see Sigmund and a kobold.

Vanquished Creatures
  3 adders (D:2)
  5 dart slugs
  2 endoplasms
  A giant cockroach (D:1)
  4 goblins
  4 hobgoblins
  4 kobolds
  A ball python (D:2)
  2 bats
  A frilled lizard (D:2)
  5 rats
32 creatures vanquished.

Notes
Turn   | Place    | Note
-------+----------+-------------------------------------------
     0 | D:1      | mordus the Formicid Fighter began the quest for the Orb.
     0 | D:1      | Reached XP level 1. HP: 18/18 MP: 1/1
   164 | D:1      | Reached XP level 2. HP: 24/24 MP: 2/2
   528 | D:1      | Reached skill level 4 in Shields
   528 | D:1      | Reached XP level 3. HP: 15/29 MP: 3/3
  1081 | D:2      | Reached XP level 4. HP: 33/35 MP: 4/4
  1390 | D:2      | Noticed Sigmund
  1413 | D:2      | Killed from afar by Sigmund

Illustrated notes

Levels and vault maps discovered:
D:1:      lightli_iron_boxes, layout_basic
D:2:      layout_loops_cross, uniq_sigmund

Skill      XL: |  1  2  3 |
---------------+----------+-----
Shields        | 4 |  4.3
Maces & Flails | 3 |  3.3
Fighting       | |  3.2
Armour         | |  3.9

Action                   |  1- 3 |  4- 6 || total
-------------------------+-------+-------++-------
Melee: Flail             |    62 |       ||    62
       Whip              |    10 |    26 ||    36
Armor: Scale mail        |    33 |    13 ||    46
Dodge: Dodged            |    24 |    17 ||    41
Block: Buckler           |     6 |     7 ||    13

Table legend: (Time is in decaauts)
 A = Elapsed time spent in this place.
 B = Non-inter-level travel time spent in this place.
 C = Inter-level travel time spent in this place.
 D = Time resting spent in this place.
 E = Time spent auto-exploring this place.
 F = Levels seen in this place.
 G = Mean time per level.
                   A        B        C        D        E       F      G
               +--------+--------+--------+--------+--------+-----+--------+
         Total |   1426 |   1412 |     14 |    149 |   1009 |   2 |  713.0 |
       Dungeon |   1426 |   1412 |     14 |    149 |   1009 |   2 |  713.0 |
               +--------+--------+--------+--------+--------+-----+--------+

Top non-repeatable levels by time:
     D:1: 920 daAuts
     D:2: 505 daAuts
